 Dungeon Crawl Stone Soup version 0.25-a0-445-g07d6442 (webtiles) character file.

Game seed: 5733286067792605705, levelgen mode: deterministic

5 Auros the Firebug (level 1, 0/14 HPs)
             Began as a Hill Orc Fire Elementalist on Jan 30, 2020.
             Slain by an adder (1 damage)
             ... on level 1 of the Dungeon.
             The game lasted 00:03:16 (181 turns).

Auros the Firebug (Hill Orc Fire Elementalist)       Turns: 181, Time: 00:03:16

Health: 0/14       AC:  2    Str: 10    XL:     1   Next: 80%
Magic:  0/3        EV: 12    Int: 15    God:
Gold:   0          SH:  0    Dex: 11    Spells: 2/3 levels left

rFire    . . .     SeeInvis .   d - +0 dagger
rCold    . . .     Gourm    .   (no shield)
rNeg     . . .     Faith    .   a - +0 robe
rPois    .         Spirit   .   (no helmet)
rElec    .         Reflect  .   (no cloak)
rCorr    .         Harm     .   (no gloves)
MR       .....                  (no boots)
Stlth    ++........             (no amulet)
HPRegen  0.04/turn              (no ring)
MPRegen  0.08/turn              (no ring)

@: lethally poisoned (0 -> -4)
A: no striking features
a: no special abilities


You were on level 1 of the Dungeon.
You were not hungry.

You visited 1 branch of the dungeon, and saw 2 of its levels.

Inventory:

Hand Weapons
 b - a +0 hunting sling
 d - a +0 dagger (weapon)
Missiles
 e - 19 sling bullets
 Z - 15 stones (quivered)
Armour
 a - a +0 robe (worn)
Scrolls
 c - a scroll of identify {unknown}
Potions
 g - a potion of degeneration {unknown}
Comestibles
 f - 2 chunks of flesh
 z - 2 rations


   Skills:
 - Level 1.6 Dodging
 - Level 1.6 Stealth
 - Level 1.6 Spellcasting
 - Level 1.1 Conjurations
 + Level 3.5 Fire Magic


You had 2 spell levels left.
You knew the following spells:

 Your Spells              Type           Power        Failure   Level  Hunger
a - Foxfire               Conj/Fire      #...         9%          1    ##.....

Your spell library contained the following spells:

 Spells                   Type           Power        Failure   Level  Hunger
 Conjure Flame            Conj/Fire      #.......     26%         3    ####...
 Inner Flame              Hex/Fire       #.......     34%         3    ####...
 Sticky Flame             Conj/Fire      #.......     65%         4    #####..
 Fireball                 Conj/Fire      #.........   94%         5    ######.


Dungeon Overview and Level Annotations

Branches:
Dungeon (2/15)

Altars:


Message History

The adder is moderately wounded.
Casting: Foxfire (safe; 9% risk of failure)
Confirm with . or Enter, or press ? or * to list all spells.
You conjure some foxfire!
The adder bites you.
* * * LOW HITPOINT WARNING * * *
You are lethally poisoned!
The adder poisons you! The adder closely misses you.
Your foxfire dissipates!
* * * LOW HITPOINT WARNING * * *
You feel sick.
The foxfire hits the adder.
The adder is heavily wounded.
Casting: Foxfire (safe; 9% risk of failure)
Confirm with . or Enter, or press ? or * to list all spells.
You conjure some foxfire!
The adder closely misses you.
Your foxfire dissipates!
The adder closely misses you.
* * * LOW HITPOINT WARNING * * *
You feel sick. The adder bites you.
You die...

# #....# #.##.##.#
# #.......# #
####.#### # ###.#
######### # #...#
#.......# # #.###
#.#####.# #.#
##.#####.# #@#
#.....##.####
#S#####..##........
#......>.#####.####
########.......#
#########


You could see an adder.

Vanquished Creatures
  A hobgoblin (D:1)
  A goblin (D:1)
  3 kobolds (D:1)
5 creatures vanquished.

Vanquished Creatures (others)
  2 foxfires (D:1)
2 creatures vanquished.

Grand Total: 7 creatures vanquished

Notes
Turn   | Place    | Note
-------+----------+-------------------------------------------
     0 | D:1      | Auros the Hill Orc Fire Elementalist began the quest for
                  | the Orb.
     0 | D:1      | Reached XP level 1. HP: 14/14 MP: 3/3
   181 | D:1      | Slain by an adder

Levels and vault maps discovered:
D:1:      scummos_arrival_star, layout_loops_cross, minmay_tromino_v4_b
D:2:      layout_loops_ring, nicolae_qazlal_general_emergency, first_ration,
          chequers_ecumenical_altar_simple_redux

Action                   || total
-------------------------++-------
Melee: Dagger            ||     2
 Fire: Hunting sling     ||    10
 Cast: Foxfire           ||     3
 Stab: Sleeping          ||     1
Armor: Robe              ||     1
Dodge: Dodged            ||    10

Table legend:
 A = Non-vault XP
 B = Vault XP
 C = Vault XP percentage of total XP
 D = Non-vault monster count
 E = Vault monster count
 F = Vault count percentage of total count
                 A         B        C        D         E       F
            +---------+---------+-------+---------+---------+-------
      Total |       8 |       0 |   0.0 |       5 |       0 |   0.0
            +---------+---------+-------+---------+---------+-------
        D:1 |       8 |       0 |   0.0 |       5 |       0 |   0.0
            +---------+---------+-------+---------+---------+-------
